 Dungeon Crawl Stone Soup version 0.30-a0-29-g142975f185 (webtiles) character file.

Game seed: 13153670103987454412

374 kae the Firebug (level 6, -1/48 HPs)
             Began as a Demigod Fire Elementalist on Aug 25, 2022.
             Slain by a gnoll sergeant
             ... wielding a +0 trident
              (17 damage)
             ... on level 4 of the Dungeon.
             The game lasted 00:03:07 (5479 turns).

kae the Firebug (Demigod Fire Elementalist)         Turns: 5479, Time: 00:03:08

Health: -1/48      AC:  2    Str:  9    XL:     6   Next: 19%
Magic:  6/13       EV: 12    Int: 25    God:
Gold:   245        SH:  0    Dex: 14    Spells: 1/10 levels left

rFire   . . .      SeeInvis .    (no weapon)
rCold   . . .      Faith    .    (no shield)
rNeg    . . .      Spirit   .    a - +0 robe
rPois   .          Reflect  .    (no helmet)
rElec   .          Harm     .    (no cloak)
rCorr   .          Rampage  .    (no gloves)
Will    .....                    (no boots)
Stlth   ++........               (no amulet)
HPRegen 0.16/turn                Z - ring of wizardry
MPRegen 0.13/turn                (no ring)

@: no status effects
A: high MP 1, forlorn, divine attributes
a: no special abilities


You were on level 4 of the Dungeon.
You visited 1 branch of the dungeon, and saw 5 of its levels.

You collected 245 gold pieces.


Innate Abilities, Weirdness & Mutations

You have an increased reservoir of magic. (+10% MP)
You shall have no god before yourself.
Your divine heritage dramatically boosts your attributes as you level up.


   Skills:
 + Level 2.1 Fighting
 - Level 1.7 Dodging
 - Level 1.7 Stealth
 + Level 2.8 Spellcasting
 * Level 3.4 Conjurations
 * Level 4.4 Fire Magic


You had one spell level left.
You knew the following spells:

 Your Spells              Type           Power      Damage    Failure   Level
a - Foxfire               Conj/Fire      92%        2x1d8     1%          1
b - Scorch                Fire           50%        2d7       1%          2
c - Conjure Flame         Conj/Fire      23%        6-21      2%          3
d - Inner Flame           Hex/Fire       14%        N/A       5%          3

Your spell library contained the following spells:

 Spells                   Type           Power      Damage    Failure   Level
 Sandblast                Erth           6%         2d5       4%          1
 Passwall                 Tmut/Erth      2%         N/A       6%          2
 Dazzling Flash           Conj/Hex       24%        N/A       6%          3
 Stone Arrow              Conj/Erth      24%        3d8       6%          3
 Flame Wave               Conj/Fire      23%        2d8       9%          4
 Agony                    Necr           3%         N/A       71%         5
 Silence                  Hex/Air        1%         N/A       71%         5

Inventory:

Missiles
 c - 74 stones
 j - 4 javelins
Armour
 a - a +0 robe (worn)
Magical Staves
 o - a staff of cold {!a}
   (You found it on level 3 of the Dungeon)
Jewellery
 r - the ring "Feutwik" {Drain Will+ Str+2 Dex+5}
   (You found it on level 5 of the Dungeon)

   [ring of willpower]

   Str:       It affects your strength (+2).
   Dex:       It affects your dexterity (+5).
   Drain:     It drains your maximum health when unequipped.
   Will:      It increases your willpower.
 Z - a ring of wizardry (left hand)
   (You found it on level 1 of the Dungeon)
Wands
 n - a wand of iceblast (18)
   (You found it on level 2 of the Dungeon)
 s - a wand of charming (10)
   (You took it off a goblin on level 4 of the Dungeon)
Scrolls
 d - 2 scrolls of identify {@r1}
 h - a scroll of immolation {!r!r}
 l - a scroll of magic mapping {!r}
 p - 3 scrolls of teleportation {@r4}
Potions
 b - a potion of magic
 e - 3 potions of might
 f - 2 potions of invisibility
 g - a potion of resistance {unknown}
 i - a potion of ambrosia
 k - 3 potions of heal wounds {@q2}
 m - a potion of curing {@q1}
 q - a potion of mutation {!q}
 t - a potion of flight

Dungeon Overview and Level Annotations

Branches:
Dungeon (5/15) Zot: 24492
 Temple: D:4-7

Annotations:
D:2 1 runed translucent door, Crazy Yiuf

...####### ##### ...##
#...########### ....##
##.........##..###
.....###########.<..######.......
........##..........# ###..###
...#........###.....## ####
...........## ##.###.##
...........# #.# ##.##
..#.......## #@# ##.##
.#######..# #g# ##.### .## ##.#
#.# #...# ..## #..## #.# ##..#
...#####...## ##.# ##.##
#.....###...###.## ##..# ##....#
###....## ##..## #...## #...##
##..## #..## #...## ##..##


You could see a gnoll sergeant (combustible).


Message History

The jackal bites you but does no damage.
The jackal bites you.
* * * LOW HITPOINT WARNING * * *
The gnoll closely misses you.
The jackal completely misses you. 😨 HP[-2] MP[-2]
You take 2 damage, and now have 22/48 hp.
You lost 2 mp, and now have 1/13 mp.
As you read the scroll of teleportation {@r4}, it crumbles to dust.
You feel strangely unstable. The jackal closely misses you.
The gnoll hits you with a +0 whip.
* * * LOW HITPOINT WARNING * * *
The jackal closely misses you. 😨 HP[-1]
You take 1 damage, and now have 21/48 hp.
Really attack while wielding nothing? [Y]es or [N]o only, please.
Really attack while wielding nothing?
Okay, then.
Really attack while wielding nothing?
You barely miss the jackal. The gnoll misses you. The jackal bites you.
* * * LOW HITPOINT WARNING * * *
😨 MP[+1]
You closely miss the jackal.
Your surroundings suddenly seem different.
A quokka comes into view.
Casting: Scorch (safe; 1% risk of failure)
Confirm with . or Enter, or press ? or * to list all spells.
You conjure some foxfire!
The foxfire hits the quokka.
You kill the quokka! 😨 MP[-1]
You lost 1 mp, and now have 1/13 mp.
There is a stone staircase leading up here. 😨 HP[+2] MP[+2]
You regained 2 hp, and now have 23/48 hp.
You regained 2 mp, and now have 3/13 mp.
You start resting.
A gnoll sergeant is nearby! 😮 HP[+3] MP[+2]
You regained 3 hp, and now have 26/48 hp.
You regained 2 mp, and now have 5/13 mp.
You climb upwards.
There is a stone staircase leading down here.
You start resting. 😮 HP[+7] MP[+6]
You regained 7 hp, and now have 33/48 hp.
You regained 6 mp, and now have 11/13 mp.
You start resting. 😮 HP[+2] MP[+2]
You regained 2 hp, and now have 35/48 hp.
Your mp is fully restored (13).
Okay, then.
Done exploring. 😕 HP[+5]
You regained 5 hp, and now have 40/48 hp.
You start resting. 😎 HP[+8]
Your hp is fully restored (48).
You climb downwards.
The gnoll sergeant closely misses you.
There is a stone staircase leading up here.
Casting: Foxfire (safe; 1% risk of failure)
Confirm with . or Enter, or press ? or * to list all spells.
Flames lash the gnoll sergeant.
The gnoll sergeant's fire resistance burns away.
The gnoll sergeant closely misses you.
The gnoll sergeant barely misses you. 😎 MP[-2]
You lost 2 mp, and now have 11/13 mp.
The gnoll sergeant is no longer more vulnerable to fire.
The gnoll sergeant hits you with a +0 trident!
There is a stone staircase leading up, spattered with blood here. 😕 HP[-8]
You take 8 damage, and now have 40/48 hp.
The gnoll sergeant closely misses you.
You climb upwards.
There is a stone staircase leading down here.
Casting: Scorch (safe; 1% risk of failure)
Confirm with . or Enter, or press ? or * to list all spells.
Flames lash the gnoll sergeant.
The gnoll sergeant's fire resistance burns away.
The gnoll sergeant misses you.
The gnoll sergeant hits you with a +0 trident! 😮 HP[-8] MP[-1]
You take 8 damage, and now have 32/48 hp.
You lost 1 mp, and now have 10/13 mp.
Casting: Scorch (safe; 1% risk of failure)
Confirm with . or Enter, or press ? or * to list all spells.
Flames lash the gnoll sergeant.
The gnoll sergeant is burned terribly!
The gnoll sergeant hits you with a +0 trident!
* * * LOW HITPOINT WARNING * * *
The gnoll sergeant closely misses you. 😨 HP[-16] MP[-2]
You take 16 damage, and now have 16/48 hp.
MASSIVE DAMAGE!! (PAUSE)
You lost 2 mp, and now have 8/13 mp.
Casting: Scorch (safe; 1% risk of failure)
Confirm with . or Enter, or press ? or * to list all spells.
Flames lash the gnoll sergeant but do no damage.
The gnoll sergeant hits you with a +0 trident!
You die...

Skill      XL: |  1  2  3  4  5 |
---------------+----------------+-----
Conjurations   | 1 2 3 |  3.4
Fire Magic     | 3 4 |  4.4
Spellcasting   | 2 |  2.8
Fighting       | 1 2 |  2.1
Dodging        | |  1.7
Stealth        | |  1.7

Action                   |  1- 3 |  4- 6 || total
-------------------------+-------+-------++-------
Melee: Unarmed           |     9 |     2 ||    11
 Cast: Foxfire           |    84 |    52 ||   136
       Scorch            |     6 |    38 ||    44
  Use: Scroll            |       |    13 ||    13
       Potion            |       |     2 ||     2
Armor: Robe              |     8 |     7 ||    15
Dodge: Dodged            |    32 |    57 ||    89

Levels and vault maps discovered:
D:1:      minmay_arrival_shattered_statue, layout_basic,
          ebering_ecumenical_altar_box, st_stairs_3,
          chequers_serial_rivers_large_b, moated_statue
D:2:      layout_basic, basic_altar, cheibrodos_gnoll_hut,
          uniq_crazy_yiuf_cottage, uniq_jessica
D:3:      layout_rooms, mainiacjoe_overflow_swirl
D:4:      layout_layer_cave
D:5:      layout_loops_cross, serial_rivers, chequers_serial_rivers_large_a,
          chequers_serial_rivers_room_b, chequers_serial_rivers_marsh,
          chequers_serial_rivers_small_a, chequers_serial_rivers_micro_b,
          chequers_serial_rivers_micro_d

Notes
Turn   | Place    | Note
-------+----------+-------------------------------------------
     0 | D:1      | kae the Demigod Fire Elementalist began the quest for the
                  | Orb.
     0 | D:1      | Reached XP level 1. HP: 14/14 MP: 5/5
     0 | D:1      | magus.rc [v1.11.3]
    85 | D:1      | Reached skill level 1 in Conjurations
    92 | D:1      | HP: 3/14 [endoplasm (1)]
   518 | D:1      | Reached XP level 2. HP: 22/22 MP: 5/7
   556 | D:1      | Reached skill level 3 in Fire Magic
   839 | D:1      | Reached skill level 2 in Spellcasting
  1428 | D:1      | You fall into a shaft and drop 1 floor!
  1439 | D:2      | Noticed Jessica
  1443 | D:2      | Killed Jessica
  1444 | D:2      | Reached skill level 1 in Fighting
  1444 | D:2      | Reached skill level 2 in Conjurations
  1444 | D:2      | Reached XP level 3. HP: 28/28 MP: 5/8
  1447 | D:2      | Learned a level 2 spell: Scorch
  1451 | D:2      | Learned a level 3 spell: Conjure Flame
  2517 | D:2      | Found a runed translucent door.
  2518 | D:2      | Noticed Crazy Yiuf
  2719 | D:2      | Reached XP level 4. HP: 23/35 MP: 5/9
  2978 | D:3      | HP: 8/35 [hobgoblin (1)]
  3650 | D:3      | Reached XP level 5. HP: 40/40 MP: 4/11
  3980 | D:4      | Learned a level 3 spell: Inner Flame
  4080 | D:4      | Reached skill level 3 in Conjurations
  4080 | D:4      | Reached skill level 4 in Fire Magic
  4177 | D:4      | You pick up a book of Geomancy and begin reading...
  4177 | D:4      | You add the spells Sandblast, Passwall and Stone Arrow to
                  | your library.
  4234 | D:4      | You pick up a book of the Senses and begin reading...
  4234 | D:4      | You add the spells Dazzling Flash, Agony and Silence to
                  | your library.
  5084 | D:5      | Entered Level 5 of the Dungeon
  5229 | D:5      | Identified the ring "Feutwik" {Drain Will+ Str+2 Dex+5}
  5282 | D:5      | HP: 7/41 [scorpion (6)]
  5285 | D:5      | Reached skill level 2 in Fighting
  5285 | D:5      | Reached XP level 6. HP: 8/48 MP: 10/13
  5287 | D:5      | HP: 5/48 [jackal (1)]
  5288 | D:5      | HP: 2/48 [jackal (3)]
  5479 | D:4      | Slain by a gnoll sergeant

Vanquished Creatures
  A necrophage (D:4)
  A scorpion (D:5)
  An iguana (D:4)
  A jelly (D:3)
  Jessica (D:2)
  An orc wizard (D:3)
  2 gnolls
  3 adders
  A shadow imp (D:3)
  2 ufetubi
  4 worms
  2 orcs (D:3)
  4 endoplasms
  3 giant cockroaches
  4 goblins
  8 hobgoblins
  5 jackals
  10 quokkas
  6 ball pythons
  6 bats
  A frilled lizard (D:2)
  4 kobolds
  4 rats (D:1)
75 creatures vanquished.

Vanquished Creatures (collateral kills)
  3 foxfires (D:2)
3 creatures vanquished.

Vanquished Creatures (others)
  229 foxfires
  A fungus (D:2)
230 creatures vanquished.

Grand Total: 308 creatures vanquished

Table legend:
 A = Non-vault XP
 B = Vault XP
 C = Vault XP percentage of total XP
 D = Non-vault monster count
 E = Vault monster count
 F = Vault count percentage of total count
                 A         B        C        D         E       F
            +---------+---------+-------+---------+---------+-------
      Total |     476 |      59 |  11.0 |      69 |       6 |   8.0
            +---------+---------+-------+---------+---------+-------
        D:1 |      31 |       4 |  11.4 |      19 |       2 |   9.5
        D:2 |      33 |      55 |  62.5 |      15 |       4 |  21.1
        D:3 |     151 |       0 |   0.0 |      21 |       0 |   0.0
        D:4 |     151 |       0 |   0.0 |       7 |       0 |   0.0
        D:5 |     110 |       0 |   0.0 |       7 |       0 |   0.0
            +---------+---------+-------+---------+---------+-------

Illustrated notes

Table legend:
 A = Kills in this place as a percentage of kills in entire the game.
 B = Kills by you in this place as a percentage of kills by you in the entire game.
 C = Kills by friends in this place as a percentage of kills by friends in the entire game.
 D = Other kills in this place as a percentage of other kills in the entire game.
 E = Experience gained in this place as a percentage of experience gained in the entire game.
 F = Experience gained in this place divided by the number of levels of this place that you have seen.
                   A       B       C       D       E      F
               +-------+-------+-------+-------+-------+----------------------
         Total | 100.0 | 100.0 |   N/A |   N/A | 100.0 | 107.0
       Dungeon | 100.0 | 100.0 |   N/A |   N/A | 100.0 | 107.0
               +-------+-------+-------+-------+-------+----------------------

Table legend: (Time is in decaauts)
 A = Elapsed time spent in this place.
 B = Non-inter-level travel time spent in this place.
 C = Inter-level travel time spent in this place.
 D = Time resting spent in this place.
 E = Time spent auto-exploring this place.
 F = Levels seen in this place.
 G = Mean time per level.
                   A        B        C        D        E       F      G
               +--------+--------+--------+--------+--------+-----+--------+
         Total |   5506 |   5370 |    136 |    190 |   4578 |   5 | 1101.2 |
       Dungeon |   5506 |   5370 |    136 |    190 |   4578 |   5 | 1101.2 |
               +--------+--------+--------+--------+--------+-----+--------+

Top non-repeatable levels by time:
     D:1: 1756 daAuts
     D:4: 1354 daAuts
     D:2: 1229 daAuts
     D:3: 1013 daAuts
     D:5: 153 daAuts
